 Dungeon Crawl Stone Soup version 0.29.1-15-g9cfb28693d (webtiles) character file.

Game seed: 11312104388525866751

2952 javelincjr the Trooper (level 10, -5/73 HPs)
             Began as a Djinni Conjurer on Mar 11, 2023.
             Was a Follower of Makhleb.
             Shot with a sling bullet by Joseph (22 damage)
             ... on level 7 of the Dungeon.
             The game lasted 00:23:28 (8005 turns).

javelincjr the Trooper (Djinni Conjurer)            Turns: 8005, Time: 00:23:28

Health: -5/73      AC:  4    Str: 10    XL:     10   Next: 8%
Gold:   398        EV: 14    Int: 20    God:    Makhleb [*.....] SH:  5 Dex: 18

rFire   + + .      SeeInvis .   c - staff of air
rCold   x . .      Faith    .   l - +0 buckler
rNeg    . . .      Spirit   .   a - +0 robe
rPois   ∞          Reflect  .   q - +0 helmet
rElec   +          Harm     .   f - +0 cloak
rCorr   .          Rampage  .   (no gloves)
Will    +....                   (boots unavailable)
Stlth   +++.......              (no amulet)
HPRegen 0.22/turn               h - +6 ring of dexterity
MPRegen 0.00/turn               (no ring)

@: flying, very slightly contaminated
A: sickness immunity, fire resistance 2, cold vulnerability 1, float, innate
caster, HP casting, extra vitality 1
a: Renounce Religion


You were on level 7 of the Dungeon.
You worshipped Makhleb.
Makhleb was aware of your devotion.
You visited 2 branches of the dungeon, and saw 8 of its levels.

You collected 398 gold pieces.

Inventory:

Hand Weapons
 o - a +2 dagger of venom
 C - a +6 flail of venom
Missiles
 A - a throwing net
Armour
 a - a +0 robe (worn)
 f - a +0 cloak (worn)
 l - a +0 buckler (worn)
 q - a +0 helmet (worn)
Magical Staves
 c - a staff of air (weapon)
Jewellery
 h - a +6 ring of dexterity (left hand)
Wands
 p - a wand of digging (3)
 z - a wand of acid (11)
 B - a wand of flame (15)
Scrolls
 b - 3 scrolls of blinking
 d - 3 scrolls of fear
 k - a scroll of enchant armour
 m - 3 scrolls of teleportation
 n - 2 scrolls of poison
 r - a scroll of amnesia {unknown}
 t - a scroll of vulnerability {unknown}
 v - a scroll of brand weapon {unknown}
 w - 2 scrolls of magic mapping {unknown}
 x - a scroll of silence {unknown}
 y - a scroll of immolation {unknown}
Potions
 e - a potion of magic {unknown}
 g - a potion of invisibility
 i - a potion of attraction {unknown}
 j - 2 potions of berserk rage
 s - 2 potions of curing
 u - a potion of brilliance {unknown}


   Skills:
 * Level 6.5 Fighting
 + Level 4.4 Armour
 + Level 5.3 Dodging
 + Level 4.5 Stealth
 + Level 4.2 Shields
 * Level 6.1 Spellcasting


You couldn't memorise any spells.
You knew the following spells:

 Your Spells              Type           Power      Damage    Failure   Level
a - Magic Dart            Conj           100%       1d8       1%          1
b - Searing Ray           Conj           60%        2d6       1%          2
c - Dazzling Flash        Conj/Hex       60%        N/A       3%          3
d - Fulminant Prism       Conj/Hex       15%        3d11      11%         4
e - Iskenderun's Mystic   Conj/Tloc      30%        2d8       11%         4
f - Shock                 Conj/Air       100%       1d9       1%          1
g - Static Discharge      Conj/Air       46%        3-9/arc   1%          2
h - Teleport Other        Tloc           30%        N/A       3%          3
i - Conjure Flame         Conj/Fire      30%        6-21      3%          3
Your spell library was empty.

Dungeon Overview and Level Annotations

Branches:
Dungeon (7/15)             Temple (1/1) D:5

Altars:
Cheibriados
Fedhas
Gozag
Hepliaklqana
Makhleb
Nemelex Xobeh
Okawaru
Ru
Uskayaw
Wu Jian
Xom
Yredelemnul
Zin

Shops:
D:6 !

Annotations:
D:7 Joseph


Innate Abilities, Weirdness & Mutations

You are immune to sickness and miasma.
You are immune to poison.
Your flesh is very heat resistant. (rF++)
You are vulnerable to cold. (rC-)
You float through the air rather than walking.
You learn spells naturally, not from books.
Your magical power is your life essence.
You have superior vitality. (+4 MHP)


Message History

The zap hits Joseph.
Joseph is moderately wounded.
Your fulminant prism explodes!
The blast of energy engulfs Joseph!
Joseph is heavily wounded.
You hear a shout! x3
Casting: Shock (safe; 1% risk of failure)
Confirm with . or Enter, or press ? or * to list all spells.
Aiming: Fulminant Prism (dangerous; 11% risk of failure)
Press: ? - help, Dir - move target, p - Joseph You miscast Fulminant Prism.
You are very lightly contaminated with residual magic.
Nothing appears to happen.
Joseph shoots a sling bullet.
The sling bullet misses you.
Casting: Fulminant Prism (dangerous; 11% risk of failure)
Confirm with . or Enter, or press ? or * to list all spells.
Aiming: Fulminant Prism (dangerous; 11% risk of failure)
Press: ? - help, Dir - move target You conjure a prism of explosive energy!
A fulminant prism comes into view.
Joseph shoots a sling bullet.
The sling bullet hits you!
You are too injured to fight recklessly!
Found a stone staircase leading down.
You hear a loud crackle.
You hear an explosion!
You hear a shout! x2
Joseph shoots a sling bullet.
The sling bullet hits you!
* * * LOW HITPOINT WARNING * * *
Casting: Fulminant Prism (dangerous; 11% risk of failure)
Confirm with . or Enter, or press ? or * to list all spells.
Aiming: Fulminant Prism (dangerous; 11% risk of failure)
Press: ? - help, Dir - move target You conjure a prism of explosive energy!
* * * LOW HITPOINT WARNING * * *
A fulminant prism comes into view.
Joseph shoots a sling bullet.
The sling bullet hits your fulminant prism!
Your fulminant prism detonates feebly.
Okay, then.
Joseph shoots a sling bullet.
The sling bullet hits you!!
You die...

#.....).........#..# ..#
..[...†......#.##.## .##
......#.....#####.###...#.
......#....###.#..#> .....
.....###...#....... .@..
...>..#..###....#.##..##
................#.#....#..
................#.........
.............##.@...##....
.............#......# .
.......##.......##..#
......####.....######
#..#.## ####.## ###### ###


You could see Joseph.

Vanquished Creatures
  The ghost of KreenWarrior the Cudgeller, a novice DsGl of Uskayaw (D:5)
  Sigmund (D:5)
  Edmund (D:6)
  A water moccasin (D:3)
  2 sky beasts (D:5)
  2 ice beasts (D:5)
  A centaur (D:6)
  4 ogres
  2 phantoms
  2 necrophages
  2 scorpions (D:5)
  The ghost of AverageBear the Trooper, a weakling DsFi (D:3)
  2 howler monkeys
  2 gnoll boudas
  5 hounds
  Crazy Yiuf (D:2)
  2 orc priests (D:4)
  4 jellies
  Ijyb (D:3)
  4 iguanas
  4 orc wizards
  16 gnolls
  12 adders
  A white imp (D:5)
  An ufetubus (D:5)
  6 worms
  A dart slug (D:5)
  14 orcs
  5 bats
  An endoplasm (D:4)
  A giant cockroach (D:4)
  3 goblins
  4 hobgoblins
  5 jackals
  3 quokkas
  8 ball pythons
  4 frilled lizards
  8 kobolds
  6 rats
144 creatures vanquished.

Vanquished Creatures (others)
  13 fulminant prisms
13 creatures vanquished.

Grand Total: 157 creatures vanquished

Notes
Turn   | Place    | Note
-------+----------+-------------------------------------------
     0 | D:1      | javelincjr the Djinni Conjurer began the quest for the Orb.
     0 | D:1      | javelincjr set off with the following spells memorised:
                  | Magic Dart, Searing Ray, Dazzling Flash, Fulminant Prism,
                  | Iskenderun's Mystic Blast.
     0 | D:1      | Reached XP level 1. HP: 15/15 MP: 0/0
   591 | D:1      | Reached XP level 2. HP: 21/22 MP: 0/0
   659 | D:1      | Found a faded altar of an unknown god.
  1005 | D:2      | Reached skill level 1 in Fighting
  1005 | D:2      | Reached XP level 3. HP: 22/27 MP: 0/0
  1005 | D:2      | Learned a level 1 spell: Shock
  1342 | D:2      | Reached XP level 4. HP: 16/32 MP: 0/0
  1358 | D:2      | Reached skill level 1 in Armour
  1969 | D:2      | Found a runed translucent door.
  1970 | D:2      | Noticed Crazy Yiuf
  1976 | D:2      | Killed Crazy Yiuf
  1977 | D:2      | Reached XP level 5. HP: 34/38 MP: 0/0
  1977 | D:2      | Learned a level 2 spell: Static Discharge
  2200 | D:3      | Noticed Ijyb
  2208 | D:3      | Killed Ijyb
  2341 | D:3      | Reached skill level 1 in Shields
  2341 | D:3      | Reached XP level 6. HP: 42/45 MP: 0/0
  2505 | D:3      | Found a runed translucent gate.
  2506 | D:3      | Found a runed translucent gate.
  2508 | D:3      | Found a runed translucent gate.
  2508 | D:3      | Noticed AverageBear's ghost (weakling DsFi)
  2509 | D:3      | Noticed a water moccasin
  2815 | D:3      | Found an iron altar of Okawaru.
  2850 | D:3      | Killed a water moccasin
  2862 | D:3      | Killed AverageBear's ghost
  2863 | D:3      | Reached XP level 7. HP: 37/50 MP: 0/0
  2863 | D:3      | Learned a level 3 spell: Teleport Other
  3781 | D:4      | Reached XP level 8. HP: 48/58 MP: 0/0
  3902 | D:4      | Found a sacrificial altar of Ru.
  4078 | D:5      | Entered Level 5 of the Dungeon
  4083 | D:5      | Found a runed translucent gate.
  4084 | D:5      | Found a runed translucent gate.
  4084 | D:5      | Noticed KreenWarrior's ghost (novice DsGl)
  4457 | D:5      | Noticed Sigmund
  4460 | D:5      | Killed Sigmund
  4504 | D:5      | Reached skill level 5 in Spellcasting
  4814 | D:5      | Found a burning altar of Makhleb.
  4819 | D:5      | Became a worshipper of Makhleb the Destroyer
  4886 | D:5      | Reached skill level 5 in Fighting
  5065 | D:5      | Reached XP level 9. HP: 38/65 MP: 0/0
  5065 | D:5      | Learned a level 3 spell: Conjure Flame
  5373 | D:5      | Found a runed translucent gate.
  5391 | D:5      | Found a staircase to the Ecumenical Temple.
  5400 | Temple   | Entered the Ecumenical Temple
  5563 | D:5      | Killed KreenWarrior's ghost
  6132 | D:5      | Reached skill level 5 in Dodging
  6545 | D:6      | Reached * piety under Makhleb
  7243 | D:6      | Found a hazy altar of Hepliaklqana.
  7252 | D:6      | Found Xiyprom's Distillery.
  7403 | D:6      | Noticed Edmund
  7411 | D:6      | Killed Edmund
  7701 | D:7      | Reached XP level 10. HP: 69/73 MP: 0/0
  7992 | D:7      | Noticed Joseph
  8005 | D:7      | Shot with a sling bullet by Joseph

Illustrated notes

Levels and vault maps discovered:
D:1:      elethiomel_arrival_infinity_welcomes_careful_drivers, layout_basic,
          ebering_ecumenical_altar_webs
D:2:      layout_rooms, uniq_crazy_yiuf_cottage
D:3:      layout_basic, nicolae_overflow_hidden_temple, gammafunk_ghost_split,
          uniq_ijyb
D:4:      layout_basic, nicolae_ru_awakened_eye, nicolae_wormholes
D:5:      layout_cave_pools, mainiacjoe_overflow_six_doors_small,
          minmay_temple_entry_large_hall, gammafunk_ghost_split, uniq_sigmund
D:6:      layout_cave_pools, kennysheep_mini, lemuel_blue_sif_altar,
          serial_shops, nicolae_take_the_stairs, minmay_misc_feat_doors,
          minmay_misc_feat_hallway, uniq_edmund
D:7:      cheibrodos_quashed, layout_cave_pools, grunt_dithmenos_smoke,
          st_stairs_3, uniq_joseph
Temple:   hellmonk_temple_rainy

Skill      XL: |  1  2  3  4  5  6  7  8  9 |
---------------+----------------------------+-----
Fighting       | 1 2 3 4 5 6 |  6.5
Stealth        | 2 3 4 |  4.5
Armour         | 1 2 3 4 |  4.4
Dodging        | 3 4 5 |  5.3
Shields        | 1 2 3 4 |  4.2
Spellcasting   | 4 5 6 |  6.1

Action                   |  1- 3 |  4- 6 |  7- 9 | 10-12 || total
-------------------------+-------+-------+-------+-------++-------
Melee: Staff             |       |       |     1 |       ||     1
 Cast: Magic Dart        |    45 |     5 |     5 |       ||    55
       Searing Ray       |     2 |       |       |       ||     2
       Shock             |       |    56 |   157 |    26 ||   239
       Static Discharge  |       |     7 |    29 |     2 ||    38
       Fulminant Prism   |       |       |    10 |     3 ||    13
       Iskenderun's Myst |       |       |    26 |       ||    26
       Teleport Other    |       |       |     2 |       ||     2
       Conjure Flame     |       |       |     1 |       ||     1
  Use: Potion            |       |       |     1 |       ||     1
       Scroll            |       |       |     8 |       ||     8
Armor: Robe              |     1 |     1 |    14 |       ||    16
Dodge: Dodged            |     1 |     5 |    47 |     3 ||    56
Block: Buckler           |       |       |    19 |       ||    19
